AoeStats
← Peshmerga424

Arena

510782801Analyzed
2v2 RM · 18h ago on Oct 2, 2026· 42m 30s· 4 players
Game mode
Random Map
Map size
Medium (4 player)
Population
200
Speed
Normal
Resources
Standard
Victory
Conquest
Starting age
Dark Age
Ending age
Imperial Age
RankedLock teamsTeams togetherTeam positionsShared explorationLock speedFull tech treeHidden civsTurbo modeCheats
Victory
Defeat
🇸🇪 Turks · Sweden
1153
+12
🇦🇷 Cumans · Argentina
1109
+13
🇺🇸 Goths · United States
1063
-13
🇺🇸 Bengalis · United States
1041
-12
Marco Aurelio
9:47 Feudal Age
10:26 Double-Bit Axe
14:54 Wheelbarrow
19:36 Castle Age
18:21 Gold Mining
21:00 Bow Saw
21:44 Horse Collar
22:49 Heavy Plow
23:52 Fletching
25:07 Bodkin Arrow
25:52 Scale Barding Armor
25:54 Loom
28:31 Ballistics
31:31 Imperial Age
28:52 Capped Ram
29:58 Chain Barding Armor
30:09 Bloodlines
30:30 Forging
32:38 Siege Ram
34:32 Iron Casting
34:00 Elite Steppe Lancer
35:35 Plate Barding Armor
41:27 Chemistry
42:04 Masonry
Peshmerga424
10:19 Feudal Age
11:17 Loom
13:13 Double-Bit Axe
15:35 Castle Age
13:45 Horse Collar
17:22 Wheelbarrow
17:28 Bow Saw
25:54 Imperial Age
23:40 Heavy Plow
24:33 Town Watch
25:04 Scale Barding Armor
25:10 Forging
24:54 Gold Mining
25:40 Hand Cart
26:37 Chain Barding Armor
28:33 Heavy Camel Rider
29:25 Bloodlines
29:30 Husbandry
30:54 Iron Casting
32:53 Blast Furnace
37:35 Plate Barding Armor
36:51 Fletching
37:31 Conscription
HoneyNutGearyOs
5:09 Loom
10:44 Feudal Age
11:39 Double-Bit Axe
13:00 Wheelbarrow
14:09 Horse Collar
19:25 Castle Age
20:53 Stone Mining
21:29 Bow Saw
21:22 Heavy Plow
21:42 Squires
22:06 Hand Cart
25:42 Scale Mail Armor
25:53 Forging
25:33 Town Watch
27:11 Chain Mail Armor
27:12 Town Patrol
27:26 Caravan
30:12 Stone Shaft Mining
29:27 Gold Mining
30:18 Iron Casting
29:54 Anarchy
35:46 Imperial Age
36:38 Perfusion
37:03 Elite Huskarl
37:47 Fletching
38:59 Blast Furnace
TooPercentMilk
11:04 Feudal Age
12:23 Double-Bit Axe
14:48 Castle Age
13:23 Horse Collar
18:56 Bow Saw
21:06 Gold Mining
21:07 Stone Mining
22:35 Loom
23:44 Heavy Plow
24:22 Wheelbarrow
25:32 Bloodlines
25:22 Husbandry
27:31 Hand Cart
27:09 Fletching
27:19 Padded Archer Armor
28:00 Bodkin Arrow
29:13 Leather Archer Armor
29:42 Redemption
34:26 Imperial Age
34:01 Ballistics
33:50 Town Watch
34:21 Paiks
34:39 Elite Elephant Archer
36:30 Bracer
37:00 Ring Archer Armor
40:29 Chemistry
Connection lost

Rejoining the realm…

Still unreachable

The connection could not be restored.

Session expired

The server has moved on; the page needs a fresh start.